 Dungeon Crawl Stone Soup version 0.29-a0-870-g2c972031a6 (webtiles) character file.

Game seed: 16507869162080766026

3389 kevlar127 the Grappler (level 9, -2/139 HPs)
             Began as a Troll Berserker on July 17, 2022.
             Was an Elder of Trog.
             Slain by an enormous slime creature (19 damage)
             ... on level 8 of the Dungeon.
             The game lasted 00:14:47 (6737 turns).

kevlar127 the Grappler (Troll Berserker)            Turns: 6737, Time: 00:14:48

Health: -2/139     AC:  8    Str: 31    XL:     9   Next: 74%
Magic:  8/8        EV: 10    Int:  7    God:    Trog [****..]
Gold:   398        SH:  0    Dex:  9    Spells: 8/8 levels left

rFire   + . .      SeeInvis +     - Unarmed
rCold   + . .      Faith    +   (no shield)
rNeg    . . .      Spirit   .   G - +2 robe {Will+}
rPois   .          Reflect  .   (helmet restricted)
rElec   .          Harm     .   L - +1 cloak of the Ecumenical Temple {rC+ Int+4}
rCorr   .          Rampage  .   (gloves unavailable)
Will    +....                   (boots unavailable)
Stlth   ..........              b - amulet of faith
HPRegen 1.13/turn               B - ring of protection from fire
MPRegen 0.11/turn               I - ring of see invisible

@: berserking (expiring), very quick
A: large, unfitting armour, claws 3, regeneration 1, shaggy fur 1, tough skin 1
a: Renounce Religion, Berserk, Trog's Hand, Brothers in Arms


You were on level 8 of the Dungeon.
You worshipped Trog.
Trog was greatly pleased with you.
You visited 1 branch of the dungeon, and saw 8 of its levels.

You collected 398 gold pieces.

Inventory:

Missiles
 c - 9 poisoned darts (quivered)
 h - 69 stones
 j - 11 boomerangs
 w - a throwing net
 x - 3 silver javelins
 F - a curare-tipped dart
Armour
 G - a +2 robe of willpower (worn)
 L - the +1 cloak of the Ecumenical Temple (worn) {rC+ Int+4}
   (You found it on level 4 of the Dungeon)

   Int:       It affects your intelligence (+4).
   rC:        It protects you from cold.
Jewellery
 b - an amulet of faith (around neck)
 i - a ring of ice
 B - a ring of protection from fire (left claw)
 I - a ring of see invisible (right claw)
 J - a +6 ring of dexterity
Wands
 q - a wand of quicksilver (6)
 z - a wand of digging (14)
 C - a wand of mindburst (16)
 E - a wand of roots (13)
Scrolls
 e - a scroll of noise {unknown}
 k - a scroll of vulnerability {unknown}
 n - 3 scrolls of amnesia {unknown}
 o - a scroll of brand weapon {unknown}
 p - 5 scrolls of teleportation {unknown}
 r - 3 scrolls of magic mapping {unknown}
 y - a scroll of identify
 H - 2 scrolls of enchant armour {unknown}
 K - 2 scrolls of fear {unknown}
Potions
 a - 2 potions of attraction
 d - 2 potions of lignification
 f - 2 potions of brilliance
 g - 3 potions of curing
 l - 2 potions of resistance
 m - 3 potions of degeneration
 s - a potion of might {unknown}
 t - 3 potions of flight {unknown}
 u - a potion of magic {unknown}
 v - 3 potions of haste {unknown}
 A - a potion of mutation {unknown}
 D - 3 potions of heal wounds {unknown}


   Skills:
 + Level 7.2 Fighting
 - Level 6.0 Throwing
 + Level 1.4 Armour
 - Level 4.0 Dodging
 + Level 8.6 Unarmed Combat


You had 8 spell levels left.
You didn't know any spells.
Your spell library was empty.

Dungeon Overview and Level Annotations

Branches:
Dungeon (8/15)             Temple (0/1) D:6
   Lair: D:8-11

Altars:
Ashenzari

Shops:
D:6 [


Innate Abilities, Weirdness & Mutations

You are too large for most types of armour.
You have claws for hands.
Your natural rate of healing is unusually fast.
You are covered in fur. (AC +1)
You have tough skin. (AC +1)


Message History

You feel the effects of Trog's Hand fading.
A red film seems to cover your vision as you go berserk!
You feel yourself moving faster!
You feel mighty! The slime creature hits you!
The titanic slime creature closely misses you.
Unknown command.
You eviscerate the titanic slime creature!!!
The titanic slime creature is moderately wounded.
You mangle the titanic slime creature!!
The titanic slime creature is heavily wounded.
The slime creature barely misses you.
A titanic slime creature splits.
You claw the large slime creature!
The large slime creature is heavily wounded.
You barely miss the large slime creature.
The large slime creature is heavily wounded.
The slime creature hits you. The very large slime creature hits you!
The large slime creature hits you.
You claw the large slime creature!
The large slime creature is severely wounded.
The slime creature hits you.
The very large slime creature hits you!!
* * * LOW HITPOINT WARNING * * *
Unknown command.
A large slime creature splits.
You see here a +2 rapier of venom.
You mangle the slime creature!!
You kill the slime creature!
Trog accepts your kill.
Two slime creatures merge to form an enormous slime creature.
Your Fighting skill increases to level 7!
You mangle the slime creature!!
You kill the slime creature!
Trog accepts your kill.
Your Armour skill increases to level 1!
You barely miss the enormous slime creature.
The enormous slime creature is moderately wounded.
Your skin stops crawling.
You feel less strong-willed.
You eviscerate the enormous slime creature!!!
The enormous slime creature is heavily wounded.
The enormous slime creature hits you!!
You die...

..##### .
......##########
....###..J.......#
..........@..###.#
....##.#####.#
#.#### . ...
#.###.##.#######
..#..
#.......#.......
... ...
#.#####..#######
.# .#.. #.# #.##
..#.. ..#####.###
.. #.# ..........#
#######.#.#


You could see an enormous slime creature.

Vanquished Creatures
  2 slime creatures (D:8)
  Sigmund (D:5)
  The ghost of peter4 the Chopper, an amateur HOFi (D:4)
  Edmund (D:5)
  A water moccasin (D:5)
  2 sky beasts (D:6)
  4 ice beasts
  2 black bears (D:6)
  A centaur (D:7)
  2 ogres (D:6)
  A phantom (D:5)
  A kobold brigand (D:5)
  Blork the orc (D:5)
  A bullfrog (D:6)
  4 scorpions
  3 necrophages
  3 wights (D:7)
  A wyvern skeleton (D:4)
  A water moccasin skeleton (D:4)
  4 hounds
  Crazy Yiuf (D:4)
  A bullfrog skeleton (D:4)
  2 jellies
  3 iguanas
  Terence (D:3)
  An orc wizard (D:5)
  A mummy (D:7)
  8 adders
  3 gnolls (D:4)
  A shadow imp (D:6)
  3 white imps
  4 dart slugs
  12 orcs
  5 bats
  10 endoplasms
  A giant cockroach (D:1)
  3 goblins
  11 hobgoblins
  4 jackals (D:3)
  2 quokkas
  5 ball pythons
  3 frilled lizards (D:1)
  7 kobolds
  2 kobold zombies (D:7)
  2 orc zombies (D:7)
  5 rats
138 creatures vanquished.

Vanquished Creatures (others)
  A bush (D:8)
1 creature vanquished.

Grand Total: 139 creatures vanquished

Notes
Turn   | Place    | Note
-------+----------+-------------------------------------------
     0 | D:1      | kevlar127 the Troll Berserker began the quest for the Orb.
     0 | D:1      | Reached XP level 1. HP: 22/22 MP: 0/0
   139 | D:1      | Reached XP level 2. HP: 26/29 MP: 1/1
   229 | D:1      | Reached ** piety under Trog
   356 | D:1      | Found a faded altar of an unknown god.
   457 | D:1      | Reached XP level 3. HP: 36/36 MP: 2/2
  1472 | D:3      | Reached XP level 4. HP: 36/45 MP: 3/3
  1669 | D:3      | Noticed Terence
  1678 | D:3      | Killed Terence
  2172 | D:4      | Reached skill level 4 in Unarmed Combat
  2186 | D:4      | Reached skill level 1 in Throwing
  2186 | D:4      | Reached XP level 5. HP: 27/53 MP: 4/4
  2424 | D:4      | Reached XP level 6. HP: 42/61 MP: 5/5
  2490 | D:4      | Found a transporter.
  2493 | D:4      | Noticed peter4's ghost (amateur HOFi)
  2708 | D:4      | Reached *** piety under Trog
  3125 | D:4      | Found a runed translucent door.
  3126 | D:4      | Noticed Crazy Yiuf
  3136 | D:4      | Killed Crazy Yiuf
  3270 | D:5      | Entered Level 5 of the Dungeon
  3446 | D:5      | Noticed Edmund
  3457 | D:5      | Killed Edmund
  3458 | D:5      | Reached skill level 5 in Unarmed Combat
  3458 | D:5      | Reached XP level 7. HP: 46/70 MP: 6/6
  3700 | D:5      | Noticed Sigmund
  3705 | D:5      | Killed Sigmund
  3764 | D:5      | Reached XP level 8. HP: 74/79 MP: 7/7
  3896 | D:5      | Noticed Blork the orc
  3906 | D:5      | Killed Blork the orc
  3907 | D:5      | Reached skill level 6 in Unarmed Combat
  3916 | D:5      | Found a broken altar of Ashenzari.
  3925 | D:5      | Reached skill level 5 in Fighting
  4644 | D:6      | Found Dida's Armour Emporium.
  4746 | D:6      | Reached skill level 5 in Throwing
  4766 | D:6      | Reached skill level 7 in Unarmed Combat
  4913 | D:6      | Reached XP level 9. HP: 89/89 MP: 8/8
  4981 | D:6      | Found a staircase to the Ecumenical Temple.
  5287 | D:4      | Killed peter4's ghost
  5294 | D:4      | Reached **** piety under Trog
  5527 | D:4      | Found a transporter.
  5535 | D:4      | Identified the +1 cloak of the Ecumenical Temple {rC+
                  | Int+4}
  5928 | D:7      | Reached skill level 8 in Unarmed Combat
  6736 | D:8      | Reached skill level 1 in Armour
  6737 | D:8      | Slain by an enormous slime creature

Illustrated notes

Levels and vault maps discovered:
D:1:      shiori_arrival_whats_in_store_for_you, layout_basic,
          shapermc_ecumenical_altar_mp_ritualfount
D:2:      layout_basic
D:3:      layout_basic, uniq_terence
D:4:      layout_loops_ring, gammafunk_ghost_mausoleum, uniq_crazy_yiuf_cottage
D:5:      layout_basic, evilmike_ruin_ashenzari, minmay_misc_feat_tower,
          uniq_sigmund, uniq_edmund, uniq_blork_the_orc
D:6:      layout_cave_pools, temple_hall, serial_shops, shop_fountains
D:7:      layout_basic, serial_glass, glass_columns_a, glass_columns_a,
          glass_columns_b, glass_columns_b, glass_columns_b, glass_columns_a,
          due_unseen_surprise, minmay_mini_ossuary
D:8:      layout_loops_ring, lemuel_doored_altar, fedhas_bush_and_centaur_altar,
          uniq_maurice

Skill      XL: |  1  2  3  4  5  6  7  8  9 |
---------------+----------------------------+-----
Fighting       | 3 4 6 7 |  7.2
Dodging        | 3 4 |  4.0
Unarmed Combat | 4 5 7 8 |  8.6
Throwing       | 1 2 3 5 6 |  6.0
Armour         | 1 |  1.4

Action                   |  1- 3 |  4- 6 |  7- 9 || total
-------------------------+-------+-------+-------++-------
Melee: Unarmed           |   100 |   124 |   205 ||   429
       Punch             |     4 |     2 |     4 ||    10
Invok: Berserk           |       |     4 |     2 ||     6
       Trog's Hand       |       |       |     2 ||     2
  Use: Scroll            |       |       |     6 ||     6
 Stab: Sleeping          |     1 |       |       ||     1
Armor: Animal skin       |    35 |    21 |    16 ||    72
       Robe              |       |       |    45 ||    45
Dodge: Dodged            |    56 |    49 |    83 ||   188

Table legend: (Time is in decaauts)
 A = Elapsed time spent in this place.
 B = Non-inter-level travel time spent in this place.
 C = Inter-level travel time spent in this place.
 D = Time resting spent in this place.
 E = Time spent auto-exploring this place.
 F = Levels seen in this place.
 G = Mean time per level.
                   A        B        C        D        E       F      G
               +--------+--------+--------+--------+--------+-----+--------+
         Total |   6734 |   6228 |    506 |   1052 |   4291 |   8 |  841.8 |
       Dungeon |   6734 |   6228 |    506 |   1052 |   4291 |   8 |  841.8 |
               +--------+--------+--------+--------+--------+-----+--------+

Top non-repeatable levels by time:
     D:4: 1654 daAuts
     D:5: 1296 daAuts
     D:7: 1035 daAuts
     D:2: 838 daAuts
     D:6: 680 daAuts
     D:1: 618 daAuts
     D:3: 550 daAuts
     D:8: 61 daAuts
